 Dungeon Crawl Stone Soup version 0.21.1-1-g345015f (webtiles) character file.

428 Hasart the Bolt Thrower (level 7, -6/41 HPs)
             Began as a Kobold Hunter on Apr 1, 2018.
             Killed by Freeze
             ... invoked by tidbits's ghost
              (7 damage)
             ... on level 4 of the Dungeon.
             The game lasted 00:09:26 (3983 turns).

Hasart the Bolt Thrower (Kobold Hunter)             Turns: 3983, Time: 00:09:26

Health: -6/41      AC:  3    Str:  9    XL:     7   Next: 18%
Magic:  7/7        EV: 16    Int: 13    God:
Gold:   56         SH:  0    Dex: 17    Spells: 6/6 levels left

rFire    . . .     SeeInvis .   a - +1 hand crossbow
rCold    . . .     Gourm    .   (shield restricted)
rNeg     . . .     Faith    .   c - +0 leather armour
rPois    .         Spirit   .   (no helmet)
rElec    .         Reflect  .   (no cloak)
rCorr    .         Harm     .   (no gloves)
MR       .....                  (no boots)
Stlth    ++........             (no amulet)
HPRegen  0.13/turn              (no ring)
MPRegen  0.10/turn              (no ring)

@: no status effects
A: small, carnivore
a: no special abilities


You were on level 4 of the Dungeon.
You were very full.

You visited 1 branch of the dungeon, and saw 4 of its levels.

You collected 56 gold pieces.

Inventory:

Hand Weapons
 a - a +1 hand crossbow (weapon)
 b - a +0 short sword
Missiles
 d - 45 bolts (quivered)
 o - a throwing net
Armour
 c - a +0 leather armour (worn)
 e - a +0 buckler
Jewellery
 n - an uncursed amulet of the gourmand {unknown}
Scrolls
 h - a scroll of enchant armour {unknown}
 i - a scroll of immolation {unknown}
 j - 2 scrolls of identify {unknown}
 k - 3 scrolls of teleportation {unknown}
 l - a scroll of amnesia {unknown}
 p - 4 scrolls of fog {unknown}
Potions
 g - a potion of degeneration {unknown}
 m - a potion of cancellation {unknown}
 q - a potion of heal wounds {unknown}
Comestibles
 f - 9 rations


   Skills:
 + Level 3.5 Fighting
 * Level 4.8 Short Blades
 * Level 6.6 Crossbows
 + Level 3.9 Dodging
 + Level 2.4 Stealth
 * Level 1.0 Shields


You had 6 spell levels left.
You didn't know any spells.

Dungeon Overview and Level Annotations

Branches:
Dungeon (4/15)
 Temple: D:4-7

Altars:
Ru

Annotations:
D:4 tidbits's ghost, amateur GnIE


Innate Abilities, Weirdness & Mutations

You are small and have problems with some larger weapons.
You are carnivorous and can eat meat at any time.


Message History

Aim: tidbits's ghost (almost destroyed)
You shoot a bolt. The bolt hits tidbits's ghost.
Tidbits's ghost is almost destroyed.
Tidbits's ghost barely misses you. Tidbits's ghost hits you.
* * * LOW HITPOINT WARNING * * *
Firing (i - inventory. (,) - cycle):
d - 47 bolts (quivered)
Press: ? - help, Shift-Dir - straight line, f/p - tidbits's ghost
Aim: tidbits's ghost (almost destroyed)
You shoot a bolt. The bolt misses tidbits's ghost.
Tidbits's ghost gestures at you while chanting.
You are frozen.
* * * LOW HITPOINT WARNING * * *
Firing (i - inventory. (,) - cycle):
d - 46 bolts (quivered)
Press: ? - help, Shift-Dir - straight line, f/p - tidbits's ghost
Aim: tidbits's ghost (almost destroyed)
You shoot a bolt. The bolt hits tidbits's ghost.
Tidbits's ghost is almost destroyed.
Tidbits's ghost casts a spell at you.
You are frozen.
You die...

?....._.......# #.#
.#!#...#.#.#.# #.#
#.##.##.#.#†# #.#
#.......#.#.############.#
####.####.#...(...†......#
#...........####.###########
######.###### #.#
#.#.#######W# #..........@#
#############


You could see tidbits's ghost.

Vanquished Creatures
  Sigmund (D:2)
  A scorpion (D:4)
  A hound (D:4)
  A worker ant (D:4)
  Robin (D:2)
  3 adders
  A gnoll (D:1)
  2 oozes
  2 adder skeletons (D:4)
  A worm (D:4)
  2 dart slugs
  3 leopard geckos
  An orc (D:3)
  6 bats
  7 giant cockroaches
  9 goblins
  13 hobgoblins
  2 quokkas
  A ball python (D:2)
  2 frilled lizards
  17 kobolds
  13 rats
90 creatures vanquished.

Vanquished Creatures (others)
  A bush (D:3)
1 creature vanquished.

Grand Total: 91 creatures vanquished

Notes
Turn   | Place    | Note
-------+----------+-------------------------------------------
     0 | D:1      | Hasart the Kobold Hunter began the quest for the Orb.
     0 | D:1      | Reached XP level 1. HP: 12/12 MP: 1/1
   157 | D:1      | Reached skill level 1 in Short Blades
   157 | D:1      | Reached skill level 5 in Crossbows
   157 | D:1      | Reached XP level 2. HP: 18/18 MP: 2/2
   292 | D:1      | Reached XP level 3. HP: 22/22 MP: 3/3
  1329 | D:2      | Noticed Sigmund
  1351 | D:2      | Killed Sigmund
  1351 | D:2      | Reached skill level 6 in Crossbows
  1351 | D:2      | Reached XP level 4. HP: 25/28 MP: 4/4
  1351 | D:2      | Reached XP level 5. HP: 28/32 MP: 5/5
  1351 | D:2      | Reached XP level 6. HP: 33/37 MP: 6/6
  1693 | D:2      | Noticed Robin
  1708 | D:2      | Killed Robin
  3631 | D:4      | Reached XP level 7. HP: 20/41 MP: 7/7
  3840 | D:4      | Found a sacrificial altar of Ru.
  3885 | D:4      | Reached skill level 1 in Shields
  3950 | D:4      | Noticed tidbits's ghost (amateur GnIE)
  3982 | D:4      | HP: 1/41 [tidbits's ghost/Freeze (7)]
  3983 | D:4      | Killed from afar by tidbits's ghost

Skill      XL: |  1  2  3  4  5  6  7 |
---------------+----------------------+-----
Short Blades   | 1 4 |  4.8
Crossbows      | 5 6 |  6.6
Fighting       | 3 |  3.5
Dodging        | 3 |  3.9
Stealth        | 2 |  2.4
Shields        | 1 |  1.0

Action                   |  1- 3 |  4- 6 |  7- 9 || total
-------------------------+-------+-------+-------++-------
Melee: Short sword       |   100 |   296 |    16 ||   412
 Fire: Hand crossbow     |    20 |    48 |    19 ||    87
  Use: Potion            |     1 |       |       ||     1
 Stab: Sleeping          |     5 |     4 |     1 ||    10
  Eat: Chunk             |     9 |     8 |     1 ||    18
Armor: Leather armour    |    22 |    29 |     5 ||    56
Dodge: Dodged            |   107 |   184 |    11 ||   302
